 Dungeon Crawl Stone Soup version 0.22.0-49-gab54619 (webtiles) character file.

10087 Lew the Covert (level 11, 0/65 HPs)
             Began as a Gargoyle Fighter on Sept 3, 2018.
             Was an Elder of Okawaru.
             Slain by Snorg (16 damage)
             ... on level 11 of the Dungeon.
             The game lasted 00:17:18 (8290 turns).

Lew the Covert (Gargoyle Fighter)                   Turns: 8290, Time: 00:17:19

Health: 0/65       AC: 17    Str: 20    XL:     11   Next: 56%
Magic:  11/11      EV:  9    Int: 11    God:    Okawaru [****..]
Gold:   487        SH: 19    Dex: 12    Spells: 10/10 levels left

rFire    + . .     SeeInvis .   k - +4 war axe (elec)
rCold    . . .     Gourm    .   c - +3 shield
rNeg     + . .     Faith    .   s - +2 leather armour {rF+}
rPois    ∞         Spirit   .   v - +0 hat
rElec    +         Reflect  +   (no cloak)
rCorr    .         Harm     .   y - +2 pair of gloves
MR       .....                  (no boots)
Stlth    ++++......             g - +6 amulet of reflection
HPRegen  0.20/turn              p - +4 ring of slaying
MPRegen  0.12/turn              (no ring)

@: no status effects
A: clever 1, negative energy resistance 1, electricity resistance, unbreathing,
petrification resistance, rot immunity, sturdy frame 1, AC +8
a: Heroism, Renounce Religion


You were on level 11 of the Dungeon.
You worshipped Okawaru.
Okawaru was greatly pleased with you.
You were very hungry.

You visited 2 branches of the dungeon, and saw 12 of its levels.

You collected 487 gold pieces.

Inventory:

Hand Weapons
 a - a +0 flail
 k - a +4 war axe of electrocution (weapon)
Armour
 c - a +3 shield (worn)
 s - a +2 leather armour of fire resistance (worn)
 v - a +0 hat (worn)
 y - a +2 pair of gloves (worn)
Jewellery
 g - a +6 amulet of reflection (around neck)
 p - a +4 ring of slaying (left hand)
Wands
 q - a wand of digging (15)
 x - a wand of clouds (7)
 A - a wand of scattershot (5)
Scrolls
 b - a scroll of fear
 d - a scroll of immolation
 e - 6 scrolls of teleportation
 i - a scroll of magic mapping
 l - 6 scrolls of remove curse
 m - 2 scrolls of amnesia
 n - a scroll of silence
 u - a scroll of identify
Potions
 h - 2 potions of heal wounds
 j - a potion of cancellation
 o - a potion of agility
 r - a potion of invisibility
 t - 7 potions of curing
 z - a potion of flight
 D - a potion of mutation
Comestibles
 f - 19 rations


   Skills:
 + Level 6.3 Fighting
 + Level 9.2(10.4) Axes
 - Level 8.6(10.6) Maces & Flails
 + Level 6.7 Armour
 - Level 10.0 Stealth
 + Level 6.6 Shields


You had 10 spell levels left.
You didn't know any spells.
Your spell library was empty.

Dungeon Overview and Level Annotations

Branches:
Dungeon (11/15)            Temple (1/1) D:7            Lair (0/6) D:10
    Orc: D:9-12

Altars:
Ashenzari
Cheibriados
Dithmenos
Elyvilon
Fedhas
Gozag
Hepliaklqana
Kikubaaqudgha
Makhleb
Nemelex Xobeh
Okawaru
Qazlal
Ru
Sif Muna
Trog
Uskayaw
Vehumet
Wu Jian
Xom
Yredelemnul
Zin
The Shining One

Shops:
D:8 %

Annotations:
D:9 1 runed door, leisz's ghost, novice DsFi
D:11 Snorg


Innate Abilities, Weirdness & Mutations

You are resistant to torment.
Your stone body is resilient. (AC +8)
You are immune to poison.
You resist negative energy. (rN+)
You are resistant to electric shocks. (rElec)
You can survive without breathing.
You are immune to petrification.
You are immune to rotting.
Your mind is acute. (Int +2)
Your movements are slightly less encumbered by armour. (ER -2)


Message History

You block Snorg's attack.
The shadow strikes at you from the darkness!
Reactivating autopickup.
You block Snorg's attack. Snorg claws you but does no damage.
Snorg closely misses you.
Okay, then.
As you read the scroll of fear, it crumbles to dust.
You assume a fearsome visage.
The leopard gecko looks frightened!
The shadow is unaffected.
You block Snorg's attack. x2
Snorg claws you but does no damage.
The shadow slips into darkness.
The shadow flickers and vanishes!
Deactivating autopickup; reactivate with Ctrl-A.
You feel much better. Snorg bites you. Snorg closely misses you.
Snorg claws you but does no damage.
The shadow strikes at you from the darkness!
* * * LOW HITPOINT WARNING * * *
Reactivating autopickup.
Snorg bites you!
You die...

...... ...... #....#
#....>## #......##..
#...........
#######........<.#
#T@W.§!.l........#
......#####§..........#
....# #............ ##.
#........... .
#..##!...###...
#.#####l†....... #.#
##<....$.. #.#
########. #..


You could see Snorg (berserk), a shadow and a leopard gecko (fleeing).

Vanquished Creatures
  A two-headed ogre (D:5)
  Pikel (D:9)
  Prince Ribbit (D:6)
  A hippogriff (D:8)
  A spriggan (D:7)
  Sigmund (D:3)
  A wyvern (D:8)
  14 yaks (D:10)
  Grum (D:9)
  Menkaure (D:4)
  A soldier ant (D:8)
  2 water moccasins
  2 porcupines (D:10)
  4 slaves (D:9)
  Duvessa (D:5)
  4 ice beasts
  An eye of draining (D:9)
  2 orc warriors (D:10)
  5 phantoms
  A sky beast (D:9)
  2 black bears
  A necrophage (D:3)
  2 centaurs
  6 ogres
  3 wolves (D:9)
  A big kobold (D:9)
  A crocodile (D:5)
  Blork the orc (D:5)
  7 bullfrogs
  2 scorpions (D:6)
  Dowan (D:5)
  3 killer bees (D:10)
  4 howler monkeys
  2 crimson imps
  3 bullfrog zombies
  6 bullfrog skeletons
  4 jellies
  5 orc priests
  A centaur skeleton (D:6)
  6 hounds
  4 iguanas
  9 worker ants
  11 orc wizards
  A hound zombie (D:9)
  A hound skeleton (D:9)
  8 gnolls
  10 adders
  4 shadow imps
  An adder zombie (D:8)
  8 leopard geckos
  42 orcs
  6 giant cockroaches
  8 hobgoblins
  18 jackals
  7 quokkas
  2 ball pythons
  A ball python skeleton (D:4)
  7 bats
  7 frilled lizards
  6 goblins
  6 kobolds
  A quokka skeleton (D:4)
  7 rats
  2 fungi (D:10)
284 creatures vanquished.

Vanquished Creatures (others)
  A centaur (D:5)
1 creature vanquished.

Grand Total: 285 creatures vanquished

Notes
Turn   | Place    | Note
-------+----------+-------------------------------------------
     0 | D:1      | Lew the Gargoyle Fighter began the quest for the Orb.
     0 | D:1      | Reached XP level 1. HP: 14/14 MP: 1/1
   127 | D:1      | Reached XP level 2. HP: 14/19 MP: 2/2
   443 | D:1      | Reached skill level 1 in Stealth
   868 | D:2      | Reached XP level 3. HP: 18/23 MP: 3/3
  1372 | D:3      | Noticed a necrophage
  1454 | D:3      | Killed a necrophage
  1454 | D:3      | Reached skill level 1 in Axes
  1454 | D:3      | Reached skill level 2 in Stealth
  1454 | D:3      | Reached XP level 4. HP: 29/29 MP: 4/4
  1454 | D:3      | Reached XP level 5. HP: 33/33 MP: 5/5
  1555 | D:3      | Found an ornate altar of the Wu Jian Council.
  1627 | D:3      | Noticed Sigmund
  1636 | D:3      | Killed Sigmund
  1636 | D:3      | Reached XP level 6. HP: 26/39 MP: 6/6
  1775 | D:3      | Reached skill level 3 in Stealth
  2130 | D:4      | Reached XP level 7. HP: 39/44 MP: 7/7
  2238 | D:4      | Found a shadowy altar of Dithmenos.
  2762 | D:4      | Found a stormy altar of Qazlal.
  2799 | D:4      | Noticed Menkaure
  2808 | D:4      | Killed Menkaure
  2808 | D:4      | Reached skill level 5 in Fighting
  2808 | D:4      | Reached skill level 5 in Shields
  2990 | D:5      | Entered Level 5 of the Dungeon
  3043 | D:5      | Noticed Dowan
  3055 | D:5      | Reached skill level 5 in Armour
  3055 | D:5      | Reached skill level 4 in Stealth
  3059 | D:5      | Killed Dowan
  3059 | D:5      | Reached XP level 8. HP: 43/49 MP: 8/8
  3071 | D:5      | Noticed a two-headed ogre
  3073 | D:5      | Noticed Duvessa
  3099 | D:5      | Killed a two-headed ogre
  3099 | D:5      | Reached skill level 5 in Maces & Flails
  3099 | D:5      | Reached skill level 6 in Stealth
  3102 | D:5      | Reached XP level 9. HP: 33/54 MP: 9/9
  3110 | D:5      | Killed Duvessa
  3129 | D:5      | Reached skill level 5 in Axes
  3522 | D:5      | Gained mutation: Your movements are slightly less
                  | encumbered by armour. (ER -2) [potion of mutation]
  3522 | D:5      | Gained mutation: Your mind is acute. (Int +2) [potion of
                  | mutation]
  3611 | D:5      | Noticed Blork the orc
  3626 | D:5      | Killed Blork the orc
  3697 | D:5      | Found a radiant altar of Vehumet.
  4366 | D:6      | Reached skill level 7 in Stealth
  4436 | D:6      | Noticed Prince Ribbit
  4450 | D:6      | Killed Prince Ribbit
  4849 | D:7      | Reached XP level 10. HP: 54/59 MP: 10/10
  5348 | D:7      | Found a staircase to the Ecumenical Temple.
  5394 | Temple   | Entered the Ecumenical Temple
  5459 | Temple   | Became a worshipper of Warmaster Okawaru
  5855 | D:8      | Found a hide-covered altar of Uskayaw.
  6135 | D:8      | Reached skill level 8 in Stealth
  6186 | D:8      | Reached * piety under Okawaru
  6246 | D:8      | Found Laanud's Food Shoppe.
  6471 | D:9      | Reached ** piety under Okawaru
  6502 | D:9      | Noticed Pikel
  6509 | D:9      | Killed Pikel
  6513 | D:9      | Reached skill level 9 in Stealth
  6523 | D:9      | Noticed Grum
  6594 | D:9      | Found a runed door.
  6594 | D:9      | Found a shimmering altar of Xom.
  6594 | D:9      | Noticed leisz's ghost (novice DsFi)
  6595 | D:9      | Noticed a rapier of chaos
  6703 | D:9      | Found a glowing golden altar of the Shining One.
  6821 | D:9      | Killed Grum
  6821 | D:9      | Reached skill level 10 in Stealth
  6821 | D:9      | Reached XP level 11. HP: 63/63 MP: 11/11
  6872 | D:9      | Found a hazy altar of Hepliaklqana.
  6872 | D:9      | Found a hide-covered altar of Uskayaw.
  6874 | D:9      | Found a sacrificial altar of Ru.
  7053 | D:10     | Entered Level 10 of the Dungeon
  7076 | D:10     | Reached *** piety under Okawaru
  7507 | D:10     | Reached **** piety under Okawaru
  7692 | D:10     | Found a staircase to the Lair.
  8268 | D:11     | Noticed Snorg
  8273 | D:11     | Noticed a cyclops
  8290 | D:11     | Slain by Snorg

Skill      XL: |  1  2  3  4  5  6  7  8  9 10 11 |
---------------+----------------------------------+-----
Stealth        | 1 2 3 4 6 7 10 | 10.0
Axes           | 1 2 4 6 8 9 |  9.2
Shields        | 4 5 6 |  6.6
Fighting       | 4 5 6 |  6.3
Armour         | 4 5 6 |  6.7
Maces & Flails | 3 4 5 7 8 |  8.6

Action                   |  1- 3 |  4- 6 |  7- 9 | 10-12 || total
-------------------------+-------+-------+-------+-------++-------
Melee: Flail             |   126 |       |       |       ||   126
       War axe           |    30 |    76 |   241 |   300 ||   647
Evoke: Wand              |       |       |       |     1 ||     1
  Use: Scroll            |     6 |     1 |     4 |    13 ||    24
       Potion            |       |     1 |     7 |     4 ||    12
 Stab: Sleeping          |       |       |     5 |    15 ||    20
       Distracted        |       |       |       |     2 ||     2
       Confused          |       |       |       |     1 ||     1
  Eat: Chunk             |     2 |       |     4 |    11 ||    17
       Ration            |       |     1 |     1 |       ||     2
Armor: Scale mail        |   115 |    33 |    47 |       ||   195
       Leather armour    |       |       |    15 |    54 ||    69
Dodge: Dodged            |    59 |    25 |    52 |    38 ||   174
Block: Shield            |    90 |    64 |   167 |   207 ||   528
       Reflection        |       |       |    14 |     3 ||    17
